 Dungeon Crawl Stone Soup version 0.23.2-40-g277498a001 (webtiles) character file.

Game seed: 5025812687012757077

2197 MalarOregon the Thaumaturge (level 9, -11/70 (73) HPs)
             Began as a White Draconian Conjurer on Sept 28, 2019.
             Mangled by an orc warrior
             ... wielding a +0 glaive
              (16 damage)
             ... on level 7 of the Dungeon.
             The game lasted 00:24:56 (9551 turns).

MalarOregon the Thaumaturge (DrCj)                  Turns: 9551, Time: 00:24:56

HP:   -11/70 (73)   AC:  9    Str: 11    XL:     9   Next: 12%
MP:   1/21          EV: 14    Int: 18    God:
Gold: 251           SH:  0    Dex: 12    Spells: 19/24 levels left

rFire    . . .     SeeInvis .   b - +1 hunting sling
rCold    + . .     Gourm    .   (no shield)
rNeg     . . .     Faith    .   (armour unavailable)
rPois    .         Spirit   .   s - +2 hat
rElec    .         Reflect  .   (no cloak)
rCorr    .         Harm     .   (no gloves)
MR       .....                  (no boots)
Stlth    ++........             (no amulet)
HPRegen  0.21/turn              (no ring)
MPRegen  0.17/turn              (no ring)

@: short of breath, very slightly contaminated
A: breathe frost, unfitting armour, cold resistance 1, cold-blooded, AC +7
a: Breathe Frost


You were on level 7 of the Dungeon.
You were hungry.

You visited 1 branch of the dungeon, and saw 8 of its levels.

You collected 251 gold pieces.

Inventory:

Hand Weapons
 b - a +1 hunting sling (weapon)
   (You found it on level 1 of the Dungeon)
 m - a +0 shortbow
   (You took it off a centaur on level 6 of the Dungeon)
 n - a +2 dagger of venom
   (You took it off a kobold on level 2 of the Dungeon)
Missiles
 h - 124 stones (quivered)
 t - 122 arrows
 A - 32 bolts
Armour
 s - a +2 hat (worn)
   (You found it on level 3 of the Dungeon)
Wands
 c - a wand of disintegration (21)
   (You found it on level 5 of the Dungeon)
 u - a wand of paralysis (8)
   (You found it on level 7 of the Dungeon)
Scrolls
 a - 2 scrolls of magic mapping
 d - 5 scrolls of remove curse {@r2}
 f - a scroll of enchant weapon
 i - a scroll of immolation {unknown}
 j - 4 scrolls of teleportation {@r4}
 k - a scroll of noise {!r}
 y - a scroll of identify {@r1}
 C - a scroll of amnesia {unknown}
Potions
 g - 2 potions of lignification {!q}
 l - 2 potions of invisibility
 o - 2 potions of flight {unknown}
 p - a potion of resistance {unknown}
 q - 5 potions of curing {@q1}
 r - a potion of haste {unknown}
 v - a potion of degeneration {unknown}
 x - 2 potions of might
 z - a potion of ambrosia {unknown}
Comestibles
 e - 9 rations {!d}
 B - a chunk of flesh


   Skills:
 + Level 4.8 Fighting
 + Level 4.5 Dodging
 - Level 1.7 Stealth
 * Level 8.0 Spellcasting
 - Level 7.0 Conjurations


You had 19 spell levels left.
You knew the following spells:

 Your Spells              Type           Power        Failure   Level  Hunger
a - Magic Dart            Conj           ####         1%          1    None
x - Iskenderun's Mystic   Conj           ####....     5%          4    ###....

Your spell library contained the following spells:

 Spells                   Type           Power        Failure   Level  Hunger
 Searing Ray              Conj           ####..       1%          2    None
 Dazzling Spray           Conj/Hex       ###...       7%          3    #......
 Force Lance              Conj/Tloc      ###.....     22%         4    ###....
 Fulminant Prism          Conj/Hex       ###.......   22%         4    ###....


Dungeon Overview and Level Annotations

Branches:
Dungeon (8/15)
 Temple: D:4-7         Lair: D:8-11

Altars:
Dithmenos
Gozag
Kikubaaqudgha
Sif Muna
Wu Jian
Xom


Innate Abilities, Weirdness & Mutations

You can breathe waves of freezing cold.
You can buffet flying creatures when you breathe cold.
Your icy white scales are hard. (AC +7)
You cannot fit into any form of body armour.
Your flesh is cold resistant. (rC+)
You are cold-blooded and may be slowed by cold attacks.


Message History

The magic dart hits you.
You hear a shout!
You can't see any susceptible monsters within range! (Use Z to cast anyway.) Unknown command.
Firing (i - inventory. (/) - cycle)
w - 2 sling bullets (quivered)
Aim: an orc wizard, wielding a +0 dagger and wearing a +0 robe You shoot a sling bullet.
The sling bullet hits the orc wizard.
An orc warrior comes into view. It is wielding a +0 glaive.
The orc warrior moves out of view.
There is a stone staircase leading up here.
You start resting.
The orc warrior is too close now for your liking.
You can't see any susceptible monsters within range! (Use Z to cast anyway.) Unknown command.
Firing (i - inventory. (/) - cycle)
w - a sling bullet (quivered)
Aim: an orc warrior, wielding a +0 glaive and wearing a +0 plate armour You shoot a sling bullet.
The sling bullet hits the orc warrior.
Aim: an orc warrior, wielding a +0 glaive and wearing a +0 plate armour (lightly wounded)
The orb of energy misses the orc warrior.
Aim: an orc warrior, wielding a +0 glaive and wearing a +0 plate armour (lightly wounded)
You miscast Iskenderun's Mystic Blast.
You are very lightly contaminated with residual magic.
The air around you crackles with energy!
Aim: an orc warrior, wielding a +0 glaive and wearing a +0 plate armour (lightly wounded)
The orb of energy hits the orc warrior!
The orb of energy explodes!
You hear a shout! x2
An orc comes into view. It is wielding a +0 club.
Aim: an orc warrior, wielding a +0 glaive and wearing a +0 plate armour (heavily wounded)
You miscast Iskenderun's Mystic Blast.
Nothing appears to happen.
An orc wizard comes into view. It is wielding a -3 dagger.
The orc warrior hits you from afar with a +0 glaive!!
Aim: an orc warrior, wielding a +0 glaive and wearing a +0 plate armour (heavily wounded)
You miscast Iskenderun's Mystic Blast.
Your skin glows momentarily.
Aim: an orc warrior, wielding a +0 glaive and wearing a +0 plate armour (heavily wounded)
You exhale a wave of freezing cold.
The freezing breath hits the orc warrior!
The freezing breath hits the orc wizard.
You are feeling hungry.
The orc warrior hits you from afar with a +0 glaive!
* * * LOW HITPOINT WARNING * * *
The orc wizard gestures at you while chanting.
The magic dart hits you!
* * * LOW HITPOINT WARNING * * *
Aim: an orc warrior, wielding a +0 glaive and wearing a +0 plate armour (almost dead)
The magic dart hits the orc warrior but does no damage.
The orc warrior hits you from afar with a +0 glaive!!
* * * LOW HITPOINT WARNING * * *
The orc throws a tomahawk.
The tomahawk barely misses you.
The orc warrior hits you from afar with a +0 glaive!
You die...

####.<.........
...........(#
#..........#
#......(...#
#.(........#
#....oo....#
##...o.....#
##...o.....#
#..@......(..#
#.........?###
#######(.........#
##.....#..........#
##.......>.........#
#..(...............#
#................#..
#.........#[.##.....
#...............##.


You could see an orc warrior, 2 orc wizards and an orc.

Vanquished Creatures
  2 steam dragons (D:6)
  A necrophage (D:6)
  2 ogres (D:7)
  2 centaurs
  3 bullfrogs (D:6)
  A scorpion (D:6)
  5 wights (D:7)
  2 howler monkeys
  A crimson imp (D:6)
  A gnoll shaman (D:4)
  A hound (D:6)
  9 orc wizards
  6 orc priests
  A bullfrog skeleton (D:6)
  An iguana (D:5)
  6 worker ants
  9 gnolls
  6 adders
  A shadow imp (D:5)
  An ooze (D:1)
  An adder skeleton (D:5)
  4 worms
  A dart slug (D:1)
  4 leopard geckos
  22 orcs
  A ball python (D:4)
  7 giant cockroaches
  8 goblins
  7 hobgoblins
  8 jackals
  9 kobolds
  2 quokkas
  7 bats
  6 frilled lizards
  A jackal zombie (D:6)
  A quokka skeleton (D:5)
  11 rats
161 creatures vanquished.

Vanquished Creatures (others)
  2 fungi (D:6)
2 creatures vanquished.

Grand Total: 163 creatures vanquished

Notes
Turn   | Place    | Note
-------+----------+-------------------------------------------
     0 | D:1      | MalarOregon the Draconian Conjurer began the quest for the
                  | Orb.
     0 | D:1      | Reached XP level 1. HP: 14/14 MP: 3/3
   259 | D:1      | Reached XP level 2. HP: 3/20 MP: 0/5
   323 | D:1      | HP: 1/20 [bat (1)]
   906 | D:1      | Reached XP level 3. HP: 18/26 MP: 2/7
  1386 | D:1      | Reached skill level 3 in Spellcasting
  1668 | D:2      | Reached XP level 4. HP: 21/33 MP: 3/8
  1840 | D:2      | Learned a level 4 spell: Iskenderun's Mystic Blast
  1856 | D:2      | Found an opulent altar of Gozag.
  2084 | D:2      | Reached skill level 5 in Conjurations
  2572 | D:2      | Reached XP level 5. HP: 38/38 MP: 3/10
  3095 | D:3      | Found a shadowy altar of Dithmenos.
  3131 | D:3      | Reached skill level 4 in Spellcasting
  3377 | D:3      | Reached XP level 6. HP: 20/45 MP: 0/12
  3681 | D:3      | Found an ancient bone altar of Kikubaaqudgha.
  4487 | D:4      | Reached skill level 5 in Spellcasting
  4690 | D:4      | Your scales start taking on an icy white colour.
  4690 | D:4      | Reached XP level 7. HP: 50/50 MP: 2/14
  4690 | D:4      | Gained mutation: Your flesh is cold resistant. (rC+) [White
                  | Draconian growth]
  4967 | D:4      | Found an ornate altar of the Wu Jian Council.
  5158 | D:4      | Found a shimmering altar of Xom.
  5672 | D:5      | Entered Level 5 of the Dungeon
  5817 | D:5      | Reached skill level 1 in Fighting
  6443 | D:5      | You fall through a shaft for 3 floors!
  6444 | D:8      | Noticed a gargoyle
  6829 | D:7      | Reached skill level 6 in Spellcasting
  6912 | D:7      | Reached XP level 8. HP: 42/62 MP: 1/17
  7889 | D:5      | Reached skill level 7 in Spellcasting
  8496 | D:6      | Found a deep blue altar of Sif Muna.
  8979 | D:6      | Reached XP level 9. HP: 6/69 MP: 1/20
  9419 | D:6      | Reached skill level 8 in Spellcasting
  9551 | D:7      | Mangled by an orc warrior

Skill      XL: |  1  2  3  4  5  6  7  8  9 |
---------------+----------------------------+-----
Spellcasting   | 3 4 5 6 7 8 |  8.0
Conjurations   | 5 6 7 |  7.0
Dodging        | 2 4 |  4.5
Fighting       | 2 4 |  4.8
Stealth        | |  1.7

Action                   |  1- 3 |  4- 6 |  7- 9 || total
-------------------------+-------+-------+-------++-------
Melee: Unarmed           |    10 |       |       ||    10
       Hunting sling     |     4 |       |       ||     4
       Tailslap          |     1 |       |       ||     1
 Fire: Hunting sling     |    69 |   149 |   116 ||   334
 Cast: Magic Dart        |    66 |    72 |    99 ||   237
       Iskenderun's Myst |       |    25 |    56 ||    81
 Abil: Breathe Frost     |       |       |     2 ||     2
Evoke: Wand              |       |       |     3 ||     3
  Use: Potion            |       |     1 |     1 ||     2
       Scroll            |       |       |    13 ||    13
  Eat: Chunk             |     3 |    13 |    20 ||    36
       Ration            |       |       |     1 ||     1
Armor: Skin              |    44 |    37 |    51 ||   132
Dodge: Dodged            |    94 |   110 |   116 ||   320
